 Dungeon Crawl Stone Soup version 0.25.1-1-g288607f5aa (webtiles) character file.

Game seed: 1325307827782178408

88 Kold the Martial Artist (level 4, 0/28 HPs)
             Began as an Octopode Transmuter on July 28, 2020.
             Succumbed to an adder's poison
             ... on level 2 of the Dungeon.
             The game lasted 00:02:03 (1286 turns).

Kold the Martial Artist (Octopode Transmuter)       Turns: 1286, Time: 00:02:03

Health: 0/28       AC:  1    Str:  9    XL:     4   Next: 53%
Magic:  7/7        EV: 13    Int: 16    God:
Gold:   12         SH:  0    Dex: 12    Spells: 6/7 levels left

rFire    . . .     SeeInvis .     - Unarmed
rCold    . . .     Gourm    .   (no shield)
rNeg     . . .     Faith    .   (helmet restricted)
rPois    .         Spirit   .   (no amulet)
rElec    .         Reflect  .   k - ring of resist corrosion
rCorr    +         Harm     .   (no ring)
MR       .....                  (no ring)
Stlth    ++........             (no ring)
HPRegen  0.09/turn              (no ring)
MPRegen  0.10/turn              (no ring)
                                (no ring)
                                (no ring)

@: lethally poisoned (0 -> -4), stab, flying
A: almost no armour, stealthy swim, amphibious, 8 rings, constrict 8, camouflage
1, gelatinous body 1
a: no special abilities


You were on level 2 of the Dungeon.
You were not hungry.

You visited 1 branch of the dungeon, and saw 2 of its levels.

You collected 12 gold pieces.

Inventory:

Missiles
 a - 25 arrows
Jewellery
 k - a ring of resist corrosion (left tentacle)
Scrolls
 e - a scroll of noise {unknown}
 f - a scroll of immolation {unknown}
 h - a scroll of enchant armour {unknown}
 j - a scroll of fog {unknown}
Comestibles
 b - a chunk of flesh
 c - 5 rations


   Skills:
 - Level 1.0 Fighting
 - Level 2.0 Dodging
 + Level 8.3 Unarmed Combat
 - Level 2.0 Spellcasting
 + Level 8.0 Transmutations


You had 6 spell levels left.
You knew the following spells:

 Your Spells              Type           Power        Failure   Level  Hunger
a - Beastly Appendage     Tmut           ####..       1%          1    #......

Your spell library contained the following spells:

 Spells                   Type           Power        Failure   Level  Hunger
 Sticks to Snakes         Tmut           ####....     1%          2    ###....
 Spider Form              Tmut/Pois      ##........   12%         3    ###....
 Blade Hands              Tmut           ####......   22%         5    ######.
 Ice Form                 Ice/Tmut       ##......     36%         4    #####..


Dungeon Overview and Level Annotations

Branches:
Dungeon (2/15)

Altars:
Ashenzari
Okawaru


Innate Abilities, Weirdness & Mutations

You cannot wear most types of armour.
You are very stealthy in the water. (Stealth+)
You are amphibious.
You can wear up to eight rings at the same time.
You can use your tentacles to constrict eight enemies at once.
Your skin changes colour to match your surroundings (Stealth+).
Your rubbery body absorbs attacks. (AC +1, EV +1)


Message History

You miss the adder. You grab the adder. You constrict the adder.
The adder bites you.
* * * LOW HITPOINT WARNING * * *
You are lethally poisoned!
The adder poisons you!
It was a potion of flight.
You feel very buoyant.
You fly up into the air.
You constrict the adder.
* * * LOW HITPOINT WARNING * * *
You feel sick. The adder misses you.
It was a potion of experience.
You feel more experienced!
Your Unarmed Combat skill gained 5 levels and is now at level 8!
Your Transmutations skill gained 5 levels and is now at level 8!
You have reached level 4!
You constrict the adder. The adder closely misses you.
It was a potion of stabbing.
You feel ready to backstab.
You constrict the adder.
You die...

..PP#P .⌠.P.#
.... _o_# #
#Po##.#
#.....#
#....#
####.>..+
#.@S..[.#
#####'###...#
#......# ...#
#.##...# ...#
####.##...#
....?
#...)##...#
###...
#....##...#
...
#....####.#
#....####.###


You could see an adder.

Vanquished Creatures
  A worm (D:2)
  A dart slug (D:1)
  4 orcs (D:2)
  3 giant cockroaches
  4 goblins
  2 hobgoblins
  4 jackals (D:2)
  4 bats
  2 frilled lizards
  3 kobolds (D:1)
  2 rats (D:1)
30 creatures vanquished.

Notes
Turn   | Place    | Note
-------+----------+-------------------------------------------
     0 | D:1      | Kold the Octopode Transmuter began the quest for the Orb.
     0 | D:1      | Reached XP level 1. HP: 13/13 MP: 3/3
   488 | D:1      | Reached XP level 2. HP: 18/18 MP: 3/5
   975 | D:2      | Reached XP level 3. HP: 22/23 MP: 6/6
  1258 | D:2      | Found an iron altar of Okawaru.
  1259 | D:2      | Found a shattered altar of Ashenzari.
  1284 | D:2      | HP: 1/23 [poisoned by an adder]
  1285 | D:2      | Reached XP level 4. HP: 1/28 MP: 7/7
  1286 | D:2      | Succumbed to an adder's poison

Illustrated notes

Levels and vault maps discovered:
D:1:      matt_arrival_refuge, layout_basic
D:2:      layout_basic, gammafunk_temple_overflow_forgotten, bloody_trog,
          chequers_ecumenical_altar_grove, trog_hazing_becter

Skill      XL: |  1  2  3 |
---------------+----------+-----
Transmutations | 8 |  8.0
Unarmed Combat | 8 |  8.3
Fighting       | |  1.0
Dodging        | |  2.0
Spellcasting   | |  2.0

Action                   |  1- 3 |  4- 6 || total
-------------------------+-------+-------++-------
Melee: Unarmed           |    80 |       ||    80
       Constrict         |    27 |       ||    27
       Tentacles         |     9 |       ||     9
       Punch             |     4 |       ||     4
       Kick              |     4 |       ||     4
 Cast: Beastly Appendage |    10 |       ||    10
  Use: Potion            |     2 |     1 ||     3
 Stab: Sleeping          |     1 |       ||     1
  Eat: Chunk             |     1 |       ||     1
Armor: Skin              |     5 |       ||     5
Dodge: Dodged            |    50 |     1 ||    51
